 Dungeon Crawl Stone Soup version 0.31-a0-175-g9f7f995f2b (webtiles) character file.

Game seed: 1297740586543591486

1806 qw the Skirmisher (level 9, 0/55 HPs)
             Began as a Gargoyle Hunter on June 17, 2023.
             Was a Follower of Okawaru.
             Slain by a yak (2 damage)
             ... on level 7 of the Dungeon.
             The game lasted 00:02:06 (4575 turns).

qw the Skirmisher (Gargoyle Hunter)                 Turns: 4575, Time: 00:02:07

Health: 0/55       AC: 16    Str: 15    XL:     9   Next: 9%
Magic:  10/12      EV: 16    Int: 10    God:    Okawaru [*.....]
Gold:   105        SH:  0    Dex: 17    Spells: 8/8 levels left

rFire   . . .        Y - +1 shortbow (drain)
rCold   . . .        (shield currently unavailable)
rNeg    + . .        l - +2 robe {Will+}
rPois   inf          a - +0 helmet
rElec   +            f - +0 cloak
rCorr   +            (no gloves)
SInv    .            t - +2 pair of boots
Will    +....        (no amulet)
Stlth   +++          c - ring of resist corrosion
HPRegen 0.29/turn    i - +4 ring of slaying {mikee}
MPRegen 0.13/turn

%: no passive effects
@: about to teleport, heroic
A: sickness immunity, AC +6, negative energy resistance 1, electricity
resistance, torment resistance 1, petrification resistance
a: Renounce Religion, Heroism


You were on level 7 of the Dungeon.
You worshipped Okawaru.
Okawaru was aware of your devotion.
You visited 1 branch of the dungeon, and saw 7 of its levels.

You collected 459 gold pieces.
You spent 354 gold pieces at shops.


Innate Abilities, Weirdness & Mutations

You are immune to sickness and miasma.
Your stone body is resilient. (AC +6)
You are immune to poison.
You resist negative energy. (rN+)
You are resistant to electric shocks. (rElec)
You are resistant to unholy torment.
You are immune to petrification.


   Skills:
 - Level 6.0(11.0) Fighting
 - Level 10.1(15.1) Ranged Weapons
 - Level 1.3(6.3) Armour
 + Level 2.0(7.0) Dodging
 - Level 1.1(6.1) Stealth
 - Level 4.1 Invocations


You had 8 spell levels left.
You didn't know any spells.
Your spell library was empty.

Inventory:

Hand Weapons
 Y - a +1 shortbow of draining (weapon)
Armour
 a - a +0 helmet (worn)
 f - a +0 cloak (worn)
 l - a +2 robe of willpower (worn)
 p - a +0 leather armour of fire resistance
 s - a +1 ring mail of poison resistance
 t - a +2 pair of boots (worn)
Jewellery
 c - a ring of resist corrosion (left hand)
 i - a +4 ring of slaying (right hand) {mikee}
Scrolls
 b - a scroll of identify
 j - 2 scrolls of teleportation
Potions
 d - 2 potions of attraction
 e - 4 potions of enlightenment
 g - a potion of heal wounds {unknown}
 h - a potion of magic
 k - a potion of haste
 m - 4 potions of curing
 n - a potion of degeneration {unknown}
 r - a potion of invisibility {unknown}

Dungeon Overview and Level Annotations

Branches:
Dungeon (7/15)
 Temple: D:4-7

Altars:
Cheibriados
Fedhas
Nemelex Xobeh
Okawaru
Ru
Sif Muna
Wu Jian
Zin
The Shining One

Shops:
D:5 [

Annotations:
D:6 2 transporters, qw's ghost, novice GrFi


Message History

The water moccasin barely misses you. The yak closely misses you.
You shoot an arrow. The arrow hits the water moccasin.
The water moccasin is severely wounded.
The water moccasin bites you but does no damage.
The yak barely misses you. x2; The yak gores you.
You shoot an arrow. The arrow hits the yak.
You drain the yak.
The yak is heavily wounded.
The yak gores you but does no damage. The yak closely misses you.
You shoot an arrow. The arrow hits the yak.
The yak is heavily wounded.
The yak closely misses you. The yak gores you! The yak closely misses you.
4568 ||| INVOKING Heroism.
You gain the combat prowess of a mighty hero.
The yak gores you. The yak misses you. The yak closely misses you.
The yak gores you.
You shoot an arrow. The arrow hits the yak.
You drain the yak.
The yak is severely wounded.
You shoot an arrow. The arrow hits the yak.
The yak is almost dead.
The yak closely misses you. x2; The yak barely misses you.
The yak gores you!
4571 ||| READING 3 scrolls of teleportation.
As you read the scroll of teleportation, it crumbles to dust.
You feel strangely unstable. The yak completely misses you.
The yak gores you but does no damage.
You shoot an arrow. The arrow hits the yak!
You kill the yak!
Okawaru accepts your kill. The yak barely misses you. x2
Your base Ranged Weapons skill increases to level 10!
You shoot an arrow.
The arrow closely misses the water moccasin.
The water moccasin bites you but does no damage.
You shoot an arrow. The arrow hits the water moccasin.
The water moccasin is almost dead.
The water moccasin barely misses you. The yak gores you. The yak misses you.
The yak gores you.
You shoot an arrow. The arrow misses the water moccasin.
The water moccasin barely misses you. The yak barely misses you.
The yak closely misses you. The yak gores you.
You die...

.....#... .....#...
##..#...~~ #.....~~~~
##....~~~~~~
###..Y?~~~~~~~ .
#...YYS~~~~PPP
.>.......##...@Y~~~.7.P
#...............~~~~>P_.
#..........#....~~~~P.PP
......<. ###...~~~~PPP
#......## #####.~~~~~~~
###.....###......~~~~~~
###........##.......~~~~~
........<..#..###.....~~~
..................##.....


You could see 4 yaks and a water moccasin (very drained).

Vanquished Creatures
  2 yaks (D:7)
  Eustachio (D:5)
  A sky beast (D:6)
  2 ice beasts (D:6)
  2 ogres
  A kobold brigand (D:6)
  Blork the orc (D:5)
  2 scorpions
  11 hounds
  A jelly (D:6)
  An iron imp (D:6)
  Jessica (D:2)
  2 iguanas
  An orc wizard (D:5)
  5 adders
  4 gnolls (D:6)
  3 white imps (D:6)
  2 ufetubi
  2 worms
  A dart slug (D:3)
  5 orcs
  4 bats
  5 endoplasms
  2 giant cockroaches
  6 goblins
  6 hobgoblins
  6 jackals
  9 kobolds
  7 quokkas
  7 ball pythons
  4 frilled lizards
  7 rats
114 creatures vanquished.

Notes
Turn   | Place    | Note
-------+----------+-------------------------------------------
     0 | D:1      | qw the Gargoyle Hunter began the quest for the Orb.
     0 | D:1      | Reached XP level 1. HP: 12/12 MP: 1/1
     0 | D:1      | 0 ||| qw: Version: 0.3-a-2-g5ab2908
     0 | D:1      | 0 ||| qw: Game counter: 291
     0 | D:1      | 0 ||| qw: Always use a shield: true
     0 | D:1      | 0 ||| qw: God list: Okawaru
     0 | D:1      | 0 ||| qw: Allow faded altars: false
     0 | D:1      | 0 ||| qw: Do Orc after D:15 true
     0 | D:1      | 0 ||| qw: Do second Lair branch before Depths: true
     0 | D:1      | 0 ||| qw: Lair rune preference: random
     0 | D:1      | 0 ||| qw: Plans: Normal, Zot:1-4, Slime:5, God:TSO, Crypt,
                  | Tomb, Abyss, Pan, Hells, Win
     0 | D:1      | 0 ||| PLANNING D:1-11
   134 | D:1      | Reached XP level 2. HP: 17/17 MP: 2/2
   371 | D:1      | Reached XP level 3. HP: 21/21 MP: 3/3
   410 | D:1      | Reached skill level 5 in Ranged Weapons
   674 | D:1      | 674 ||| UPGRADING to +0 cloak.
   679 | D:1      | 679 ||| READING scroll labelled PESTIS FUABASH.
   680 | D:1      | 680 ||| READING scroll labelled RITSEODGHIS.
   681 | D:1      | 681 ||| READING 2 scrolls labelled FUFUKO ROCAEMM.
   685 | D:1      | 685 ||| DROPPING scroll of butterflies.
   955 | D:2      | Noticed Jessica
   961 | D:2      | Killed Jessica
   962 | D:2      | Reached skill level 3 in Fighting
   962 | D:2      | Reached XP level 4. HP: 24/28 MP: 4/4
  1314 | D:2      | 1314 ||| UPGRADING to +0 helmet.
  1319 | D:2      | 1319 ||| UPGRADING to +0 ring mail.
  1329 | D:2      | 1329 ||| DROPPING +0 leather armour.
  1330 | D:2      | 1330 ||| UPGRADING to +2 robe of willpower.
  1340 | D:2      | 1340 ||| DROPPING +0 ring mail.
  1341 | D:2      | 1341 ||| READING scroll labelled KESEHU YRINEQET.
  1342 | D:2      | 1342 ||| READING scroll labelled KAFEIH OXAMP.
  1343 | D:2      | 1343 ||| DRINKING 2 glowing silvery potions.
  1344 | D:2      | 1344 ||| DRINKING 2 bubbling red potions.
  1345 | D:2      | 1345 ||| READING 2 scrolls of identify.
  1345 | D:2      | 1345 ||| IDENTIFYING viscous inky potion
  1355 | D:3      | Found a glowing golden altar of the Shining One.
  1355 | D:3      | Found an iron altar of Okawaru.
  1356 | D:3      | 1356 ||| PLANNING OKAWARU WORSHIP
  1446 | D:3      | Found a shimmering blue altar of Sif Muna.
  1449 | D:3      | Became a worshipper of Warmaster Okawaru
  1450 | D:3      | 1450 ||| PLANNING D:1-11
  1947 | D:3      | 1947 ||| UPGRADING to ring of resist corrosion.
  1948 | D:3      | 1948 ||| READING scroll labelled KOSTRO VYUNU.
  2136 | D:4      | Identified the +0 ring mail of Qunayg {Str+4}
  2215 | D:4      | Reached XP level 5. HP: 28/32 MP: 5/5
  2398 | D:4      | Found a glowing silver altar of Zin.
  2429 | D:4      | Reached skill level 6 in Ranged Weapons
  2552 | D:4      | Reached skill level 1 in Armour
  2720 | D:4      | 2720 ||| UPGRADING to +4 ring of slaying {mikee}.
  2721 | D:4      | 2721 ||| READING 2 scrolls of identify.
  2721 | D:4      | 2721 ||| IDENTIFYING bubbling blue potion
  2722 | D:4      | 2722 ||| DROPPING potion of berserk rage.
  2739 | D:5      | Entered Level 5 of the Dungeon
  2768 | D:5      | Reached XP level 6. HP: 38/38 MP: 6/6
  2784 | D:5      | Noticed Eustachio
  2808 | D:5      | Killed Eustachio
  2809 | D:5      | Reached skill level 7 in Ranged Weapons
  2902 | D:5      | Reached * piety under Okawaru
  2908 | D:5      | Reached XP level 7. HP: 43/43 MP: 7/7
  2919 | D:5      | Reached skill level 1 in Invocations
  3047 | D:5      | Noticed Blork the orc
  3048 | D:5      | 3048 ||| INVOKING Heroism.
  3055 | D:5      | Killed Blork the orc
  3129 | D:5      | Found an ornate altar of the Wu Jian Council.
  3151 | D:5      | Found Fett's Armour Shoppe.
  3161 | D:5      | 3161 ||| BUYING +1 ring mail of poison resistance (156
                  | gold).
  3161 | D:5      | Bought a +1 ring mail of poison resistance for 156 gold
                  | pieces
  3161 | D:5      | 3161 ||| BUYING +2 pair of boots (198 gold).
  3161 | D:5      | Bought a +2 pair of boots for 198 gold pieces
  3161 | D:5      | 3161 ||| SHOPLISTING +2 ring mail of cold resistance (252
                  | gold, have 21).
  3332 | D:5      | 3332 ||| INVOKING Heroism.
  3338 | D:5      | Reached skill level 8 in Ranged Weapons
  3453 | D:5      | Found a sacrificial altar of Ru.
  3824 | D:5      | 3824 ||| DROPPING +0 ring mail of Qunayg {Str+4}.
  3825 | D:5      | 3825 ||| UPGRADING to +2 pair of boots.
  3830 | D:5      | 3830 ||| DROPPING +6 ring of intelligence.
  3831 | D:5      | 3831 ||| READING scroll labelled HELUEH URIH.
  3927 | D:6      | Reached XP level 8. HP: 49/49 MP: 9/9
  3941 | D:6      | Found a transporter.
  3942 | D:6      | Noticed qw's ghost (novice GrFi)
  3943 | D:6      | Found a transporter.
  3944 | D:6      | Identified the +7 great mace of Watchfulness {freeze, *Rage
                  | rElec Int+2 SInv}
  3944 | D:6      | Identified the +5 great mace of Patterns {drain, Str+4
                  | Dex+3 SInv}
  3944 | D:6      | Noticed a two-headed ogre
  3953 | D:6      | 3953 ||| INVOKING Heroism.
  4000 | D:6      | Found a snail-covered altar of Cheibriados.
  4058 | D:6      | Reached skill level 3 in Invocations
  4066 | D:6      | 4066 ||| Stepping ~*~*~tactically~*~*~ (outnumbered).
  4147 | D:6      | Found a sparkling altar of Nemelex Xobeh.
  4300 | D:6      | 4300 ||| Stepping ~*~*~tactically~*~*~ (outnumbered).
  4307 | D:6      | Reached skill level 9 in Ranged Weapons
  4384 | D:6      | 4384 ||| INVOKING Heroism.
  4399 | D:6      | Reached skill level 6 in Fighting
  4483 | D:6      | 4483 ||| READING scroll labelled PONYT SEQI.
  4484 | D:6      | 4484 ||| READING 3 scrolls of identify.
  4484 | D:6      | 4484 ||| IDENTIFYING green potion
  4485 | D:6      | 4485 ||| READING 2 scrolls of identify.
  4485 | D:6      | 4485 ||| IDENTIFYING glowing amethyst potion
  4541 | D:7      | Found a blossoming altar of Fedhas.
  4546 | D:7      | Noticed a yak
  4552 | D:7      | Noticed a yak
  4552 | D:7      | Noticed a yak
  4552 | D:7      | Noticed a yak
  4553 | D:7      | Noticed a yak
  4556 | D:7      | Noticed a yak
  4563 | D:7      | Killed a yak
  4564 | D:7      | Reached XP level 9. HP: 42/55 MP: 12/12
  4568 | D:7      | 4568 ||| INVOKING Heroism.
  4570 | D:7      | HP: 9/55 [yak (11)]
  4571 | D:7      | 4571 ||| READING 3 scrolls of teleportation.
  4573 | D:7      | Reached skill level 10 in Ranged Weapons
  4574 | D:7      | HP: 4/55 [yak (6)]
  4575 | D:7      | Slain by a yak

Levels and vault maps discovered:
D:1:      dpeg_arrival_ratfight, layout_basic
D:2:      layout_loops_ring, uniq_jessica
D:3:      layout_basic, gammafunk_temple_overflow_forgotten, serial_bayou_pond_c
D:4:      wander_river, layout_loops_ring, lemuel_tele_altar
D:5:      layout_basic, kennysheep_little_box, nicolae_wu_jian_wuxing_cycle,
          serial_shops, shop, uniq_blork_the_orc, uniq_eustachio
D:6:      layout_basic, slow_altar_1, nemelex_altar_shiori,
          gammafunk_ghost_smash, minmay_misc_feat_hallway
D:7:      layout_cave_pools, yredelemnul_forgotten_temple_becter,
          fedhas_ov_isle_minmay, minmay_temple_entry_statues_fountains,
          nicolae_shop_fire_sale [nicolae_sub_dead_trees],
          uniq_crazy_yiuf_cottage

Skill      XL: |  1  2  3  4  5  6  7  8  9 |
---------------+----------------------------+-----
Ranged Weapons | 5 6 7 8 9 10 | 10.1
Fighting       | 3 4 5 6 |  6.0
Armour         | 1 |  1.3
Dodging        | 2 |  2.0
Invocations    | 1 4 |  4.1
Stealth        | |  1.1

Action                     |  1- 3 |  4- 6 |  7- 9 || total
---------------------------+-------+-------+-------++-------
   Fire: Shortbow          |   100 |   222 |   187 ||   509
 Invoke: Heroism           |       |       |     5 ||     5
    Use: Scroll            |     3 |     5 |     5 ||    13
         Potion            |       |     2 |       ||     2
 Armour: Leather armour    |    12 |     1 |       ||    13
         Robe              |       |    26 |    37 ||    63
         Skin              |       |       |     4 ||     4
  Dodge: Dodged            |    24 |    43 |    64 ||   131

Table legend:
 A = Non-vault XP
 B = Vault XP
 C = Vault XP percentage of total XP
 D = Non-vault monster count
 E = Vault monster count
 F = Vault count percentage of total count
                 A         B        C        D         E       F
            +---------+---------+-------+---------+---------+-------
      Total |    2222 |     359 |  13.9 |     105 |       9 |   7.9
            +---------+---------+-------+---------+---------+-------
        D:1 |      46 |       5 |   9.8 |      26 |       5 |  16.1
        D:2 |      45 |      37 |  45.1 |      10 |       1 |   9.1
        D:3 |      25 |       0 |   0.0 |      14 |       0 |   0.0
        D:4 |     106 |       0 |   0.0 |      11 |       0 |   0.0
        D:5 |     541 |     278 |  33.9 |      17 |       2 |  10.5
        D:6 |    1036 |      39 |   3.6 |      24 |       1 |   4.0
        D:7 |     423 |       0 |   0.0 |       3 |       0 |   0.0
            +---------+---------+-------+---------+---------+-------
